 Dungeon Crawl Stone Soup version 0.21-a0-418-gdc3326c (webtiles) character file.

7129 Dysjunc the Magician (level 11, -7/81 HPs)
             Began as a Gnoll Ice Elementalist on Nov 3, 2017.
             Was a Priest of Sif Muna.
             Mangled by a sixfirhy (9 damage)
             ... on level 2 of the Abyss.
             The game lasted 01:03:25 (13736 turns).

Dysjunc the Magician (Gnoll Ice Elementalist)      Turns: 13736, Time: 01:03:25

Health: -7/81      AC:  7    Str: 10    XL:     11   Next: 10%
Magic:  29/29      EV: 16    Int: 17    God:    Sif Muna [***...]
Gold:   633        SH:  5    Dex: 14    Spells: 2/25 levels left

rFire    . . .     SeeInvis .   f - +2 dagger
rCold    . . .     Gourm    .   r - +0 buckler
rNeg     . . .     Faith    .   a - +0 robe
rPois    +         Spirit   .   (helmet restricted)
rElec    .         Reflect  .   A - +2 cloak {rPois}
rCorr    .         Harm     .   u - +0 pair of gloves
MR       ++...                  (no boots)
Stlth    +++.......             (no amulet)
HPRegen  0.00/turn              C - ring of protection from magic
MPRegen  0.21/turn              w - ring of magical power

@: non-regenerating, badly diseased
A: distributed training, fangs 1, hooves 2, horns 1, clumsy 1, [deformed body],
[dopey 2], low mp 1, magic resistance 1, shaggy fur 1, wild magic 1, evolution
1, sturdy frame 1, strong nose
a: Divine Energy, Channel Magic, Renounce Religion


You were on level 2 of the Abyss.
You worshipped Sif Muna.
Sif Muna was most pleased with you.
You were not hungry.

You visited 1 branch of the dungeon, and saw 10 of its levels.
You visited the Abyss 1 time.

You collected 633 gold pieces.

Inventory:

Hand Weapons
 d - a +0 hunting sling
 f - a +2 dagger (weapon)
 g - a +0 club
 l - a +1 long sword of electrocution
 m - a +0 hunting sling
 y - a +0 quarterstaff
 B - a +4 quarterstaff of chaos
 N - a +0 blowgun
 P - a +1 dagger of draining
Missiles
 j - 339 stones (quivered)
 n - 57 poisoned needles
 s - 8 tomahawks
 x - 65 bolts
 F - a throwing net
 G - 74 arrows
Armour
 a - a +0 robe (worn)
 i - a +0 helmet
 r - a +0 buckler (worn)
 u - a +0 pair of gloves (worn)
 A - a +2 cloak of poison resistance (worn)
 K - a cursed +0 cloak
Magical Staves
 H - an uncursed staff of earth
Jewellery
 v - an uncursed ring of positive energy
 w - a ring of magical power (right hand)
 C - a ring of protection from magic (left hand)
Wands
 q - a wand of digging (10/24)
 z - a wand of polymorph (16/24)
 J - a wand of lightning (9/15)
 M - a wand of random effects (33/48)
 V - a wand of enslavement (13/24)
Scrolls
 k - 4 scrolls of identify
 o - 2 scrolls of fog
 t - a scroll of magic mapping
 E - 4 scrolls of remove curse
 L - a scroll of recharging
 O - a scroll of blinking
Potions
 c - a potion of flight
 e - 3 potions of curing
 h - a potion of lignification
 Q - a potion of magic
 T - 2 potions of resistance
Books
 b - a book of Frost

   Spells                             Type                      Level
   a - Freeze                         Ice                          1
   b - Throw Frost                    Conjuration/Ice              2
   c - Ozocubu's Armour               Charms/Ice                   3
   d - Throw Icicle                   Conjuration/Ice              4
   e - Summon Ice Beast               Ice/Summoning                4
 D - a book of Necromancy

   Spells                             Type                      Level
   a - Pain                           Necromancy                   1
   b - Animate Skeleton               Necromancy                   1
   c - Vampiric Draining              Necromancy                   3
   d - Regeneration                   Charms/Necromancy            3
   e - Animate Dead                   Necromancy                   4
   f - Control Undead                 Necromancy                   4
 S - a book of Cantrips

   Spells                             Type                      Level
   a - Confusing Touch                Hexes                        1
   b - Animate Skeleton               Necromancy                   1
   c - Summon Small Mammal            Summoning                    1
   d - Apportation                    Translocation                1
Miscellaneous
 U - a crystal ball of energy
Comestibles
 p - 19 fruits
 I - 5 royal jellies


   Skills:
 + Level 5.8 Fighting
 + Level 5.8 Short Blades
 + Level 5.8 Long Blades
 + Level 5.8 Axes
 + Level 5.8 Maces & Flails
 + Level 5.8 Polearms
 + Level 5.8 Staves
 + Level 5.8 Slings
 + Level 5.8 Bows
 + Level 5.8 Crossbows
 + Level 5.8 Throwing
 + Level 5.8 Armour
 + Level 7.5 Dodging
 + Level 7.3 Stealth
 + Level 5.8 Shields
 + Level 5.8 Unarmed Combat
 + Level 7.8 Spellcasting
 + Level 5.3 Conjurations
 + Level 4.8 Hexes
 + Level 4.8 Charms
 + Level 4.8 Summonings
 + Level 4.8 Necromancy
 + Level 4.8 Translocations
 + Level 4.8 Transmutations
 + Level 4.8 Fire Magic
 + Level 7.4 Ice Magic
 + Level 4.8 Air Magic
 + Level 4.8 Earth Magic
 + Level 4.8 Poison Magic
 + Level 6.4 Invocations
 + Level 5.8 Evocations


You had 2 spell levels left.
You knew the following spells:

 Your Spells              Type           Power        Failure   Level  Hunger
a - Ozocubu's Armour      Chrm/Ice       #####...     4%          3    #......
p - Control Undead        Necr           ####......   21%         4    ###....
q - Freeze                Ice            ####         1%          1    None
s - Vampiric Draining     Necr           ####......   7%          3    #......
w - Throw Icicle          Conj/Ice       #####...     12%         4    ###....
x - Summon Ice Beast      Ice/Summ       #####...     13%         4    ###....
z - Animate Dead          Necr           N/A          21%         4    ###....


Dungeon Overview and Level Annotations

Branches:
Dungeon (10/15)            Temple (0/1) D:5            Lair (0/6) D:9
    Orc (0/2) D:10

Altars:
Ashenzari
Fedhas
Okawaru
Qazlal
Sif Muna

Annotations:
D:10 Psyche


Innate Abilities, Weirdness & Mutations

Your experience applies equally to all skills.
You have very sharp teeth.
Your uncanny sense of smell can sniff out nearby items.
You have hoof-like feet.
You have a pair of small horns on your head.
You are clumsy. (Dex -2)
Your magical capacity is low. (-10% MP)
You are resistant to hostile enchantments. (MR+)
You are covered in fur. (AC +1)
Your spells are a little harder to cast, but a little more powerful.
You evolve.
Your movements are slightly less encumbered by armour. (ER -2)
[Armour fits poorly on your strangely shaped body.]
[You are very dopey. (Int -4)]


Message History

A worldbinder comes into view.
The worldbinder moves out of view.
Found a scroll of magic mapping.
There is a gateway leading deeper into the Abyss here.
The ancient zyme hits you.
* * * LOW HITPOINT WARNING * * *
The ancient zyme barely misses you.
You plunge deeper into the Abyss.
You start resting.
A chaos spawn comes into view.
Found a ring of protection from magic.
A sixfirhy comes into view.
Found 20 gold pieces.
A chaos spawn is nearby!
Found a glaive.
You start resting.
The sixfirhy hits you.
* * * LOW HITPOINT WARNING * * *
The sixfirhy shocks you!
You die...

..#. #.#. ##
##..## #.###....
.#... # #......#
...#. #.#......
.....# 3
#.......# #....#
.# #...#@###..
.##.# ###..3####
..$..
#......#..##..#.#
..#.#..##.... ≈#
.. ###.#.##3##..
. .. ###.#.#.# .
. ....#..... ..
..#..........# ._
.. ....#.#4.=


You could see a sixfirhy.

Vanquished Creatures
  A two-headed ogre (D:8)
  Sigmund (D:4)
  A yak (D:9)
  4 hogs (D:7)
  A human (D:7)
  A hungry ghost (D:8)
  2 porcupines (D:9)
  2 sky beasts (D:10)
  An ice beast (D:7)
  A black bear (D:9)
  2 orc warriors
  2 ogres
  3 centaurs
  2 big kobolds (D:8)
  A gnoll sergeant (D:9)
  2 scorpions (D:6)
  6 wights (D:10)
  2 howler monkeys (D:5)
  A crimson imp (D:4)
  A centaur skeleton (D:6)
  A gnoll shaman (D:4)
  A hound (D:9)
  Crazy Yiuf (D:3)
  5 orc priests
  8 iguanas
  A bullfrog skeleton (D:5)
  4 orc wizards
  8 worker ants
  A killer bee zombie (D:4)
  2 hound skeletons
  A howler monkey skeleton (D:8)
  9 gnolls
  6 adders
  2 shadow imps
  3 oozes
  3 adder skeletons
  A worm (D:5)
  2 dart slugs
  4 leopard geckos
  25 orcs
  3 bats (D:1)
  4 giant cockroaches
  15 goblins
  9 hobgoblins
  7 jackals
  5 quokkas
  12 frilled lizards
  19 kobolds
  A leopard gecko zombie (D:5)
  8 rats
208 creatures vanquished.

Vanquished Creatures (collateral kills)
  The ghost of NoRagrets the Spear-Bearer, a journeyman MfBe of Trog (D:9)
  2 two-headed ogres (D:8)
  The ghost of Caerwyn the Charmwright, a novice GnSk (D:6)
  4 trolls
  A yak (D:9)
  A water moccasin (D:9)
  A porcupine (D:9)
  An orc warrior (D:10)
  A black bear (D:9)
  An ice beast (D:9)
  An ogre (D:9)
  A centaur (D:9)
  2 bullfrogs (D:9)
  2 scorpions
  3 howler monkeys (D:9)
  A bullfrog zombie (D:5)
  A quasit (D:6)
  2 orc priests
  A jelly (D:8)
  A hound (D:6)
  3 orc wizards
  2 worker ants (D:9)
  An iguana (D:9)
  2 gnolls (D:6)
  A shadow imp (D:10)
  13 orcs
  A jackal (D:8)
  2 quokkas (D:9)
  A frilled lizard (D:5)
  A fungus (D:9)
56 creatures vanquished.

Vanquished Creatures (others)
  20 fungi (D:9)
20 creatures vanquished.

Grand Total: 284 creatures vanquished

Notes
Turn   | Place    | Note
-------+----------+-------------------------------------------
     0 | D:1      | Dysjunc the Gnoll Ice Elementalist began the quest for the Orb.
     0 | D:1      | Reached XP level 1. HP: 13/13 MP: 6/6
   255 | D:1      | Reached XP level 2. HP: 19/19 MP: 5/7
   931 | D:1      | Reached XP level 3. HP: 25/25 MP: 9/9
   932 | D:1      | Reached skill level 5 in Spellcasting
  1231 | D:1      | Reached skill level 1 in Invocations
  1669 | D:2      | Found a deep blue altar of Sif Muna.
  1675 | D:2      | Became a worshipper of Sif Muna the Loreminder
  1735 | D:2      | Reached skill level 1 in Fighting
  1735 | D:2      | Reached skill level 1 in Short Blades
  1735 | D:2      | Reached skill level 1 in Long Blades
  1735 | D:2      | Reached skill level 1 in Axes
  1735 | D:2      | Reached skill level 1 in Maces & Flails
  1735 | D:2      | Reached skill level 1 in Polearms
  1735 | D:2      | Reached skill level 1 in Staves
  1735 | D:2      | Reached skill level 1 in Slings
  1735 | D:2      | Reached skill level 1 in Bows
  1735 | D:2      | Reached skill level 1 in Crossbows
  1735 | D:2      | Reached skill level 1 in Throwing
  1735 | D:2      | Reached skill level 1 in Armour
  1735 | D:2      | Reached skill level 1 in Shields
  1735 | D:2      | Reached skill level 1 in Unarmed Combat
  1735 | D:2      | Reached skill level 1 in Evocations
  1735 | D:2      | Reached XP level 4. HP: 25/32 MP: 8/11
  2357 | D:2      | Found a faded altar of an unknown god.
  2357 | D:2      | Found a faded altar of an unknown god.
  2498 | D:2      | Found a blossoming altar of Fedhas.
  2502 | D:2      | Found a stormy altar of Qazlal.
  2504 | D:2      | Found a shattered altar of Ashenzari.
  3022 | D:3      | Found a runed door.
  3026 | D:3      | Noticed Crazy Yiuf
  3032 | D:3      | Killed Crazy Yiuf
  3032 | D:3      | Reached skill level 1 in Hexes
  3032 | D:3      | Reached skill level 1 in Charms
  3032 | D:3      | Reached skill level 1 in Summonings
  3032 | D:3      | Reached skill level 1 in Necromancy
  3032 | D:3      | Reached skill level 1 in Translocations
  3032 | D:3      | Reached skill level 1 in Transmutations
  3032 | D:3      | Reached skill level 1 in Fire Magic
  3032 | D:3      | Reached skill level 1 in Air Magic
  3032 | D:3      | Reached skill level 1 in Earth Magic
  3032 | D:3      | Reached skill level 1 in Poison Magic
  3032 | D:3      | Reached XP level 5. HP: 32/37 MP: 8/12
  3641 | D:4      | Noticed Sigmund
  3656 | D:4      | Gained mutation: You have a pair of small antennae on your head. [potion of mutation]
  3656 | D:4      | Gained mutation: Your magical capacity is low. (-10% MP) [potion of mutation]
  3656 | D:4      | Gained mutation: You are partially covered in slimy green scales. (AC +2) [potion of mutation]
  3664 | D:4      | Killed Sigmund
  3664 | D:4      | Reached XP level 6. HP: 29/44 MP: 8/12
  3670 | D:4      | Learned a level 4 spell: Throw Icicle
  3773 | D:4      | Learned a level 3 spell: Ozocubu's Armour
  3778 | D:4      | Learned a level 4 spell: Summon Ice Beast
  3936 | D:4      | Reached skill level 5 in Dodging
  4602 | D:4      | Found an iron altar of Okawaru.
  4720 | D:5      | Entered Level 5 of the Dungeon
  4792 | D:4      | Reached XP level 7. HP: 50/50 MP: 13/13
  5285 | D:5      | Reached * piety under Sif Muna
  5409 | D:5      | Found a staircase to the Ecumenical Temple.
  5473 | D:5      | Reached skill level 5 in Stealth
  6301 | D:5      | Reached XP level 8. HP: 57/57 MP: 11/15
  6492 | D:5      | Learned a level 4 spell: Animate Dead
  6724 | D:6      | Noticed Caerwyn's ghost (novice GnSk)
  7118 | D:6      | Killed Caerwyn's ghost
  7479 | D:6      | Learned a level 3 spell: Vampiric Draining
  7685 | D:6      | Reached XP level 9. HP: 65/65 MP: 16/16
  8915 | D:7      | Reached ** piety under Sif Muna
  9854 | D:8      | Reached skill level 5 in Invocations
 10092 | D:8      | Noticed a two-headed ogre
 10127 | D:8      | Killed a two-headed ogre
 10127 | D:8      | Reached XP level 10. HP: 73/73 MP: 11/18
 10133 | D:8      | Learned a level 4 spell: Control Undead
 10230 | D:8      | Noticed a two-headed ogre
 10243 | D:8      | Killed a two-headed ogre
 10243 | D:8      | Reached skill level 5 in Fighting
 10243 | D:8      | Reached skill level 5 in Short Blades
 10243 | D:8      | Reached skill level 5 in Long Blades
 10243 | D:8      | Reached skill level 5 in Axes
 10243 | D:8      | Reached skill level 5 in Maces & Flails
 10243 | D:8      | Reached skill level 5 in Polearms
 10243 | D:8      | Reached skill level 5 in Staves
 10243 | D:8      | Reached skill level 5 in Slings
 10243 | D:8      | Reached skill level 5 in Bows
 10243 | D:8      | Reached skill level 5 in Crossbows
 10243 | D:8      | Reached skill level 5 in Throwing
 10243 | D:8      | Reached skill level 5 in Armour
 10243 | D:8      | Reached skill level 5 in Shields
 10243 | D:8      | Reached skill level 5 in Unarmed Combat
 10243 | D:8      | Reached skill level 5 in Evocations
 10655 | D:8      | Noticed a two-headed ogre
 10670 | D:8      | Killed a two-headed ogre
 11239 | D:9      | Lost mutation: You are partially covered in slimy green scales. (AC +2) [potion of mutation]
 11239 | D:9      | Gained mutation: Your spells are a little harder to cast, but a little more powerful. [potion of mutation]
 11239 | D:9      | Gained mutation: You have large cloven feet. [potion of mutation]
 11239 | D:9      | Gained mutation: You are covered in fur. (AC +1) [potion of mutation]
 11283 | D:9      | Reached *** piety under Sif Muna
 11297 | D:9      | Reached skill level 5 in Conjurations
 11313 | D:9      | Noticed NoRagrets's ghost (journeyman MfBe)
 11641 | D:9      | Found a staircase to the Lair.
 12358 | D:9      | Killed NoRagrets's ghost
 12472 | D:10     | Entered Level 10 of the Dungeon
 12551 | D:10     | Reached XP level 11. HP: 81/81 MP: 9/20
 12586 | D:10     | Gained mutation: You are resistant to hostile enchantments. (MR+) [mutagenic meat]
 12588 | D:10     | Lost mutation: You have a pair of small antennae on your head. [mutagenic meat]
 12589 | D:10     | Gained mutation: You evolve. [mutagenic meat]
 12590 | D:10     | Gained mutation: You are clumsy. (Dex -2) [mutagenic meat]
 12865 | D:10     | Gained mutation: Your movements are slightly less encumbered by armour. (ER -2) [evolution]
 12901 | D:10     | Gained mutation: You have hoof-like feet. [mutagenic meat]
 12902 | D:10     | Gained mutation: You have a pair of small horns on your head. [mutagenic meat]
 13149 | D:10     | Found a deep blue altar of Sif Muna.
 13342 | D:10     | Noticed Psyche
 13346 | D:10     | Found a staircase to the Orcish Mines.
 13353 | D:10     | Cast into level 1 of the Abyss (Psyche)
 13476 | Abyss:1  | Noticed a wretched star
 13577 | Abyss:1  | Noticed a rakshasa
 13655 | Abyss:1  | Noticed a purple draconian shifter
 13672 | Abyss:1  | Noticed a hellephant
 13677 | Abyss:1  | Noticed a worldbinder
 13730 | Abyss:2  | Noticed a sixfirhy
 13730 | Abyss:2  | Found a corrupted altar of Lugonu.
 13736 | Abyss:2  | HP: 2/81 [sixfirhy (3)]
 13736 | Abyss:2  | Mangled by a sixfirhy

Vault maps used:
D:1:      scummos_arrival_forest, minmay_lizard_king
D:2:      chequers_temple_overflow_minitemple, first_bread,
          minmay_misc_feat_enclosed, led_sif_pool
D:3:      uniq_crazy_yiuf_cottage
D:4:      old_standard_altar, minmay_goblin_outpost, uniq_sigmund
D:5:      minmay_temple_entry_trees
D:7:      grunt_livestock, roderic_lattice_a
D:9:      due_lair_maze_entry_diamond
D:10:     kennysheep_orc_sif_temple, hiddenorc1_lemuel, uniq_psyche

Skill      XL: |  1  2  3  4  5  6  7  8  9 10 |
---------------+-------------------------------+-----
Conjurations   | 2 3 4 5 |  5.3
Spellcasting   | 5 6 7 |  7.8
Invocations    | 1 2 3 4 5 6 |  6.4
Fighting       | 1 2 3 4 5 |  5.8
Short Blades   | 1 2 3 4 5 |  5.8
Long Blades    | 1 2 3 4 5 |  5.8
Axes           | 1 2 3 4 5 |  5.8
Maces & Flails | 1 2 3 4 5 |  5.8
Polearms       | 1 2 3 4 5 |  5.8
Staves         | 1 2 3 4 5 |  5.8
Slings         | 1 2 3 4 5 |  5.8
Bows           | 1 2 3 4 5 |  5.8
Crossbows      | 1 2 3 4 5 |  5.8
Throwing       | 1 2 3 4 5 |  5.8
Armour         | 1 2 3 4 5 |  5.8
Shields        | 1 2 3 4 5 |  5.8
Unarmed Combat | 1 2 3 4 5 |  5.8
Evocations     | 1 2 3 4 5 |  5.8
Hexes          | 1 2 3 4 |  4.8
Charms         | 1 2 3 4 |  4.8
Summonings     | 1 2 3 4 |  4.8
Necromancy     | 1 2 3 4 |  4.8
Translocations | 1 2 3 4 |  4.8
Transmutations | 1 2 3 4 |  4.8
Fire Magic     | 1 2 3 4 |  4.8
Air Magic      | 1 2 3 4 |  4.8
Earth Magic    | 1 2 3 4 |  4.8
Poison Magic   | 1 2 3 4 |  4.8
Dodging        | 5 6 7 |  7.5
Stealth        | 5 6 7 |  7.3
Ice Magic      | 6 7 |  7.4

Action                   |  1- 3 |  4- 6 |  7- 9 | 10-12 || total
-------------------------+-------+-------+-------+-------++-------
Melee: Club              |     6 |       |       |       ||     6
       Dagger            |    27 |    21 |   318 |   161 ||   527
       Bite              |     3 |     4 |    29 |    13 ||    49
       Quarterstaff      |       |    34 |       |       ||    34
       Long sword        |       |     9 |       |       ||     9
       Punch             |       |     1 |       |       ||     1
       Kick              |       |       |       |    29 ||    29
       Headbutt          |       |       |       |     5 ||     5
 Fire: Hunting sling     |       |     9 |    35 |       ||    44
Throw: Stone             |       |       |     4 |     1 ||     5
 Cast: Freeze            |    30 |    27 |   116 |    34 ||   207
       Throw Icicle      |       |    10 |    27 |    25 ||    62
       Ozocubu's Armour  |       |     1 |     5 |       ||     6
       Animate Dead      |       |       |     6 |     8 ||    14
       Summon Ice Beast  |       |       |     6 |    34 ||    40
       Vampiric Draining |       |       |    16 |     6 ||    22
Invok: Divine Energy     |       |       |     1 |     1 ||     2
       Stop Divine Energ |       |       |     1 |     1 ||     2
  Use: Scroll            |       |     6 |     9 |     5 ||    20
       Potion            |       |     7 |     3 |     2 ||    12
 Stab: Sleeping          |     8 |     3 |     6 |     2 ||    19
       Distracted        |       |       |     2 |       ||     2
  Eat: Chunk             |     2 |     5 |     5 |    13 ||    25
       Bread ration      |       |     2 |     2 |     3 ||     7
       Royal jelly       |       |       |     1 |       ||     1
       Fruit             |       |       |     2 |     1 ||     3
       Meat ration       |       |       |     1 |       ||     1
Armor: Robe              |     8 |    14 |    78 |    50 ||   150
       Skin              |       |     3 |       |       ||     3
Dodge: Dodged            |    31 |    53 |   272 |   138 ||   494
Block: Buckler           |       |     2 |    80 |    46 ||   128

Table legend:
 A = Spawn XP
 B = Non-spawn XP
 C = Spawn XP percentage of total XP
 D = Spawn monster count
 E = Non-spawn monster count
 F = Spawn count percentage of total count
 G = Total turns spent on level
                    A         B        C        D         E        F      G
               +---------+---------+-------+---------+---------+-------+---------
         Total |       0 |   10185 |   0.0 |       0 |     263 |   0.0 | 13736
               +---------+---------+-------+---------+---------+-------+---------
           D:1 |       0 |      58 |   0.0 |       0 |      31 |   0.0 |  1317
           D:2 |       0 |      53 |   0.0 |       0 |      18 |   0.0 |  1252
           D:3 |       0 |      70 |   0.0 |       0 |      10 |   0.0 |   968
           D:4 |       0 |     559 |   0.0 |       0 |      30 |   0.0 |  1500
           D:5 |       0 |     686 |   0.0 |       0 |      24 |   0.0 |  1675
           D:6 |       0 |    1227 |   0.0 |       0 |      25 |   0.0 |  1606
           D:7 |       0 |    1153 |   0.0 |       0 |      10 |   0.0 |  1082
           D:8 |       0 |    2714 |   0.0 |       0 |      44 |   0.0 |  1676
           D:9 |       0 |    2432 |   0.0 |       0 |      37 |   0.0 |  1396
          D:10 |       0 |    1233 |   0.0 |       0 |      34 |   0.0 |   881
               +---------+---------+-------+---------+---------+-------+---------
